 Dungeon Crawl Stone Soup version 0.21.1-1-g345015f (webtiles) character file.

41 inc the Vexing (level 3, 0/14 HPs)
             Began as a Felid Enchanter on Mar 15, 2018.
             Slain by a gnoll
             ... wielding a +0 flail
              (11 damage)
             ... on level 2 of the Dungeon on Mar 16, 2018.
             The game lasted 00:04:50 (1261 turns).

inc the Vexing (Felid Enchanter)                    Turns: 1261, Time: 00:04:51

Health: 0/14       AC:  1    Str:  1 (4)  XL:     3   Next: 32%
Magic:  7/7        EV: 23    Int: 14 (17) God:
Gold:   24         SH:  0    Dex: 19 (21) Spells: 3/6 levels left
                                        Lives:  0   Deaths: 0

rFire    . . .     SeeInvis +     - Unarmed
rCold    . . .     Gourm    .   (shield unavailable)
rNeg     . . .     Faith    .   (armour unavailable)
rPois    .         Spirit   .   (helmet unavailable)
rElec    .         Reflect  .   (cloak unavailable)
rCorr    .         Harm     .   (gloves unavailable)
MR       .....                  (boots unavailable)
Stlth    ++++......             (no amulet)
HPRegen  0.04/turn              (no ring)
MPRegen  0.10/turn              (no ring)

@: agile, lethally poisoned (0 -> -10), flying, very slightly contaminated,
invisible, quick
A: very small, no armour, no weapons or thrown items, stealth, claws 1, fangs 3,
see invisible, carnivore, speed 1, shaggy fur 1, slow metabolism 1, sharp paws
a: no special abilities


You were on level 2 of the Dungeon.
You were full.

You visited 1 branch of the dungeon, and saw 3 of its levels.

You collected 24 gold pieces.

Inventory:

Jewellery
 l - an uncursed amulet of guardian spirit
Scrolls
 c - a scroll of blinking {unknown}
 e - 2 scrolls of teleportation {unknown}
 f - a scroll of noise {unknown}
 g - 6 scrolls of identify {unknown}
 m - a scroll of remove curse {unknown}
 n - a scroll of immolation {unknown}
 o - a scroll of enchant armour {unknown}
 p - a scroll of enchant weapon {unknown}
Potions
 k - a potion of agility
Books
 a - a book of Maledictions

   Spells                             Type                      Level
   a - Corona                         Hexes                        1
   b - Ensorcelled Hibernation        Hexes/Ice                    2
   c - Confuse                        Hexes                        3
   d - Tukima's Dance                 Hexes                        3
   e - Dazzling Spray                 Conjuration/Hexes            3
Comestibles
 b - 3 rations


   Skills:
 - Level 2.6 Dodging
 - Level 4.0 Stealth
 + Level 3.3 Unarmed Combat
 - Level 2.0 Spellcasting
 - Level 4.4 Hexes


You had 3 spell levels left.
You knew the following spells:

 Your Spells              Type           Power        Failure   Level  Hunger
a - Corona                Hex            ##.....      3%          1    ##.....
b - Ensorcelled Hibernat  Hex/Ice        #.....       14%         2    ###....


Dungeon Overview and Level Annotations

Branches:
Dungeon (3/15)

Altars:


Innate Abilities, Weirdness & Mutations

You cannot wear armour.
You are incapable of wielding weapons or throwing items.
Your paws allow you to move quietly. (Stealth)
You have sharp claws.
You have razor-sharp teeth.
You have supernaturally acute eyesight. (SInv)
You are carnivorous and can eat meat at any time.
You cover ground quickly.
You are covered in fur. (AC +1)
You have a slow metabolism.
Your sharp claws are effective at attacking unaware monsters.


Message History

You feel sick. The gnoll barely misses you. The gnoll completely misses you. x2
You are very lightly contaminated with residual magic.
It was a potion of heal wounds.
You feel much better.
You feel sick. The gnoll misses you. The gnoll hits you but does no damage.
The gnoll misses you.
A goblin comes into view.
It was a potion of flight.
You feel very buoyant.
You fly up into the air.
The gnoll barely misses you. The gnoll closely misses you.
The gnoll misses you.
You scratch the gnoll.
The gnoll is lightly wounded.
You feel sick.
The goblin moves out of view.
You catch the helpless gnoll completely off-guard!
You claw the gnoll!
You kill the gnoll!
The gnoll closely misses you.
You feel sick. The gnoll hits you with a flail!
Ouch! That really hurt!
You die...

## #. #. #. # #.
.# #.###..##
#.@gS...#
##g##.#.# #.# #
#.# #.# #
#.##.#.#
####......# #####
#.......# ####
#...###.#####...#


You could see 2 gnolls and an adder.

Vanquished Creatures
  A gnoll (D:2)
  A worm (D:2)
  2 dart slugs
  A leopard gecko (D:1)
  A giant cockroach (D:1)
  4 goblins
  2 hobgoblins (D:1)
  A quokka (D:3)
  3 bats
  A frilled lizard (D:3)
  3 kobolds
  3 rats (D:1)
23 creatures vanquished.

Vanquished Creatures (others)
  A bat (D:3)
  A giant cockroach (D:3)
  A jackal (D:3)
  A kobold (D:3)
  A rat (D:3)
5 creatures vanquished.

Grand Total: 28 creatures vanquished

Notes
Turn   | Place    | Note
-------+----------+-------------------------------------------
     0 | D:1      | inc the Felid Enchanter began the quest for the Orb.
     0 | D:1      | Reached XP level 1. HP: 7/7 MP: 4/4
   606 | D:1      | Reached XP level 2. HP: 11/11 MP: 6/6
  1131 | D:3      | Learned a level 2 spell: Ensorcelled Hibernation
  1161 | D:3      | Reached XP level 3. HP: 12/14 MP: 5/7
  1261 | D:2      | Slain by a gnoll

Skill      XL: |  1  2 |
---------------+-------+-----
Unarmed Combat | 2 3 |  3.3
Dodging        | |  2.6
Stealth        | |  4.0
Spellcasting   | |  2.0
Hexes          | |  4.4

Action                   || total
-------------------------++-------
Melee: Unarmed           ||    66
       Bite              ||     4
 Cast: Corona            ||     8
  Use: Potion            ||     5
 Stab: Sleeping          ||     8
       Invisible         ||     1
  Eat: Chunk             ||     5
Armor: Skin              ||     3
Dodge: Dodged            ||    65
